 Dungeon Crawl Stone Soup version 0.28-a0-973-ga7f8b01127 (webtiles) character file.

Game seed: 13340259397658936933

143 fragbeetle the Ruffian (level 5, 0/40 HPs)
             Began as a Draconian Transmuter on Dec 1, 2021.
             Slain by Terence (7 damage)
             ... on level 3 of the Dungeon.
             The game lasted 00:09:22 (2087 turns).

fragbeetle the Ruffian (Draconian Transmuter)       Turns: 2087, Time: 00:09:23

Health: 0/40       AC:  5    Str: 15    XL:     5   Next: 4%
Magic:  4/9        EV: 12    Int: 13    God:
Gold:   102        SH:  0    Dex: 11    Spells: 6/9 levels left

rFire   . . .      SeeInvis .     - Unarmed
rCold   . . .      Faith    .   (no shield)
rNeg    . . .      Spirit   .   (armour unavailable)
rPois   .          Reflect  .   (helmet currently unavailable)
rElec   .          Harm     .   (no cloak)
rCorr   .          Rampage  .   (no gloves)
Will    .....                   (boots currently unavailable)
Stlth   +.........              (no amulet)
HPRegen 0.13/turn               (no ring)
MPRegen 0.11/turn               (no ring)

@: appendages, wereblooded
A: horns 2, talons 2, AC +5, unfitting armour, cold-blooded
a: End Transformation


You were on level 3 of the Dungeon.
You had temporarily grown beastly horns and talons.
You visited 1 branch of the dungeon, and saw 4 of its levels.

You collected 102 gold pieces.

Inventory:

Hand Weapons
 e - a +0 spear
 l - a +0 dagger of venom
 n - a +2 vorpal mace
Missiles
 g - 84 stones
 h - 21 poisoned darts
Magical Staves
 j - a staff of fire
Scrolls
 a - a scroll of immolation {unknown}
 b - 2 scrolls of enchant armour {unknown}
 f - a scroll of acquirement {unknown}
 k - a scroll of fog {unknown}
 m - a scroll of identify {unknown}
Potions
 c - 2 potions of lignification {unknown}
 d - 2 potions of magic {unknown}
 i - a potion of attraction {unknown}


   Skills:
 + Level 1.2 Fighting
 + Level 2.0 Dodging
 + Level 0.7 Stealth
 + Level 4.3 Unarmed Combat
 + Level 2.9 Spellcasting
 + Level 2.9 Transmutations


You had 6 spell levels left.
You knew the following spells:

 Your Spells              Type           Power      Damage    Failure   Level
a - Beastly Appendage     Tmut           18%        N/A       7%          1
b - Wereblood             Tmut           9%         N/A       11%         2

Your spell library contained the following spells:

 Spells                   Type           Power      Damage    Failure   Level
 Spider Form              Tmut/Pois      5%         N/A       36%         3
 Ice Form                 Ice/Tmut       5%         N/A       77%         4


Dungeon Overview and Level Annotations

Branches:
Dungeon (4/15)
 Temple: D:4-7

Altars:

Annotations:
D:3 Terence


Innate Abilities, Weirdness & Mutations

You have temporarily grown beastly horns and talons.
Your plain brown scales are hard. (AC +5)
You cannot fit into any form of body armour.
You are cold-blooded and may be slowed by cold attacks.


Message History

Casting: Beastly Appendage (safe; 8% risk of failure)
Confirm with . or Enter, or press ? or * to list all spells.
You extend your transformation's duration.
Your primal bloodlust is almost over.
You hit Natasha. You claw Natasha.
You tail-slap Natasha, but do no damage.
Natasha is severely wounded.
You howl as the wereblood boils in your veins!
Natasha zaps a wand.
The puff of flame hits you!
You barely miss Natasha.
Natasha is severely wounded.
Natasha zaps a wand.
The puff of flame misses you.
You barely miss Natasha. You claw Natasha. Your headbutt misses Natasha.
Your tail-slap misses Natasha.
Natasha is severely wounded.
You howl as the wereblood boils in your veins!
Natasha misses you.
You punch Natasha!
You feel a bit better.
You kill Natasha!
Natasha screams in fury as she dies!
You have reached level 5!
Casting: Beastly Appendage (safe; 7% risk of failure)
Confirm with . or Enter, or press ? or * to list all spells.
Your blood is freshly infused with primal strength!
You hit Terence.
Terence is lightly wounded.
Terence hits you with a +1 flail of protection!
You hit Terence but do no damage. Your headbutt misses Terence.
Terence is lightly wounded.
Terence hits you with a +1 flail of protection!
* * * LOW HITPOINT WARNING * * *
You hit Terence. Your headbutt misses Terence.
Terence is lightly wounded.
Terence hits you with a +1 flail of protection.
* * * LOW HITPOINT WARNING * * *
You barely miss Terence. Your kick misses Terence.
You headbutt Terence, but do no damage. You punch Terence, but do no damage.
Terence is lightly wounded.
Terence hits you with a +1 flail of protection!
You die...

.....# .....# .....####
#.# #.......# #.#
#.......# #.# #.......#
#.#####.......#
#.##.@@.......# ....# .#
#.##.##.......# #...#
.####.##.##.......# #.>.#
.#.......##........
+...+....##.#####.##+##.#
##...##...##.# #.# #
.....# ...##.# #@#
....###.#.##.# #.#
<.......#.##.#


You could see Terence.

Vanquished Creatures
  Natasha (twice) (D:3)
  3 adders
  A dart slug (D:1)
  8 orcs
  4 ball pythons
  A bat (D:1)
  4 endoplasms
  3 giant cockroaches
  6 goblins
  5 hobgoblins
  6 jackals (D:1)
  2 quokkas
  A frilled lizard (D:1)
  6 kobolds
  A rat (D:3)
53 creatures vanquished.

Notes
Turn   | Place    | Note
-------+----------+-------------------------------------------
     0 | D:1      | fragbeetle the Draconian Transmuter began the quest for the
                  | Orb.
     0 | D:1      | Reached XP level 1. HP: 16/16 MP: 3/3
   514 | D:1      | Reached XP level 2. HP: 18/23 MP: 3/5
   529 | D:1      | Learned a level 2 spell: Wereblood
   962 | D:1      | Reached XP level 3. HP: 27/28 MP: 6/6
  1329 | D:2      | Reached skill level 4 in Unarmed Combat
  1597 | D:3      | Reached XP level 4. HP: 27/35 MP: 5/7
  2013 | D:3      | Noticed Natasha
  2020 | D:3      | Killed Natasha
  2073 | D:3      | Noticed Natasha
  2074 | D:3      | Noticed Terence
  2082 | D:3      | Killed Natasha
  2083 | D:3      | Reached XP level 5. HP: 27/40 MP: 5/9
  2087 | D:3      | Slain by Terence

Illustrated notes

Levels and vault maps discovered:
D:1:      heliophobic_arrival_dark_side_of_the_moon, layout_basic,
          minmay_misc_feat_x
D:2:      layout_basic, guppyfry_early_orc_mine
D:3:      layout_basic, uniq_natasha, uniq_terence, uniq_jessica
D:4:      layout_cave_pods, uniq_blork_the_orc

Skill      XL: |  1  2  3 |
---------------+----------+-----
Unarmed Combat | 4 |  4.3
Dodging        | 2 |  2.0
Fighting       | |  1.2
Stealth        | |  0.7
Spellcasting   | |  2.9
Transmutations | |  2.9

Action                   |  1- 3 |  4- 6 || total
-------------------------+-------+-------++-------
Melee: Unarmed           |   101 |    34 ||   135
       Tailslap          |    11 |     1 ||    12
       Kick              |    15 |     7 ||    22
       Headbutt          |    13 |     4 ||    17
       Punch             |       |     1 ||     1
Throw: Stone             |       |     1 ||     1
 Cast: Beastly Appendage |    27 |     7 ||    34
       Wereblood         |       |     2 ||     2
 Stab: Sleeping          |     3 |       ||     3
Armor: Skin              |    25 |     5 ||    30
Dodge: Dodged            |    52 |    10 ||    62

Table legend: (Time is in decaauts)
 A = Elapsed time spent in this place.
 B = Non-inter-level travel time spent in this place.
 C = Inter-level travel time spent in this place.
 D = Time resting spent in this place.
 E = Time spent auto-exploring this place.
 F = Levels seen in this place.
 G = Mean time per level.
                   A        B        C        D        E       F      G
               +--------+--------+--------+--------+--------+-----+--------+
         Total |   2085 |   2085 |      0 |    217 |    675 |   4 |  521.2 |
       Dungeon |   2085 |   2085 |      0 |    217 |    675 |   4 |  521.2 |
               +--------+--------+--------+--------+--------+-----+--------+

Top non-repeatable levels by time:
     D:1: 1150 daAuts
     D:2: 802 daAuts
     D:3: 131 daAuts
     D:4: 1 daAuts
